 Dungeon Crawl Stone Soup version 0.31-a0-853-gc9b61b78f7 (webtiles) character file.

Game seed: 5796635319179244622

460 CrazyBamboolord the Charlatan (level 7, 0/41 HPs)
             Began as a Kobold Artificer on Oct 8, 2023.
             Was a Believer of Okawaru.
             Succumbed to a water moccasin's poison
             ... on level 5 of the Dungeon.
             The game lasted 00:10:04 (4332 turns).

CrazyBamboolord the Charlatan (Kobold Artificer)    Turns: 4332, Time: 00:10:05

Health: 0/41       AC:  3    Str: 10    XL:     7   Next: 28%
Magic:  8/8        EV: 15    Int: 12    God:    Okawaru [**....]
Gold:   249        SH:  0    Dex: 17    Spells: 6/6 levels left

rFire   . . .        i - +0 short sword (freeze)
rCold   . . .        (no shield)
rNeg    . . .        b - +0 leather armour
rPois   .            (no helmet)
rElec   .            (no cloak)
rCorr   .            (no gloves)
SInv    .            (no boots)
Will    +....        (no amulet)
Stlth   ++++         h - ring of willpower
HPRegen 0.26/turn    (no ring)
MPRegen 0.11/turn

%: no passive effects
@: brilliant, lethally poisoned (0 -> 0), about to teleport, attractive
A: small, no large weapons, nightstalker 3
a: Renounce Religion, Heroism


You were on level 5 of the Dungeon.
You worshipped Okawaru.
Okawaru was pleased with you.
You visited 1 branch of the dungeon, and saw 5 of its levels.
You also visited: Sewer.

You collected 249 gold pieces.

Inventory:

Hand Weapons
 i - a +0 short sword of freezing (weapon)
Armour
 b - a +0 leather armour (worn)
Jewellery
 h - a ring of willpower (left hand)
 q - a +6 ring of dexterity
Wands
 c - a wand of flame (4) (quivered)
 e - a wand of iceblast (4)
Scrolls
 a - a scroll of torment
 f - a scroll of immolation {unknown}
 g - a scroll of fear {unknown}
 j - a scroll of amnesia {unknown}
 l - a scroll of vulnerability {unknown}
 m - a scroll of teleportation
 n - a scroll of enchant weapon {unknown}
Potions
 d - a potion of cancellation


   Skills:
 * Level 3.2 Fighting
 * Level 3.5 Short Blades
 - Level 0.7 Armour
 * Level 4.2 Dodging
 * Level 4.2 Stealth
 * Level 2.5 Invocations
 * Level 5.0 Evocations


You had 6 spell levels left.
You didn't know any spells.
Your spell library contained the following spells:

 Spells                   Type           Power      Damage    Failure   Level
 Freeze                   Ice            0%         1d3       41%         1
 Magic Dart               Conj           0%         1d3       41%         1
 Searing Ray              Conj           0%         2d4       56%         2
 Frozen Ramparts          Ice            0%         1d1       80%         3
 Hailstorm                Conj/Ice       0%         3d3       80%         3
 Fulminant Prism          Conj/Hex       0%         3d5       99%         4


Dungeon Overview and Level Annotations

Branches:
Dungeon (5/15)              Sewer (visited)
 Temple: D:4-7

Altars:
Gozag
Okawaru

Annotations:
D:3 3 runed translucent doors, sanka's ghost, amateur OpSh


Innate Abilities, Weirdness & Mutations

You are small and have problems with some larger weapons.
You are completely attuned to the shadows.


Message History

Aiming: Throw Flame
Press: ? - help, Q - select action, (/) - cycle Shift-Dir - straight line, f/p - water moccasin
Aim: a water moccasin (almost dead, slow, 57% to hit)
The puff of flame hits the water moccasin!
You kill the water moccasin!
Okawaru is honoured by your kill.
You feel very sick.
Your Stealth skill increases to level 4!
Your Evocations skill increases to level 5!
You have reached level 7!
There is a lethal amount of poison in your body!
There is a lethal amount of poison in your body!
You are too injured to fight recklessly!
It was a potion of attraction.
You feel attractive to monsters.
* * * LOW HITPOINT WARNING * * *
You feel very sick.
It was a potion of brilliance.
You feel clever all of a sudden.
* * * LOW HITPOINT WARNING * * *
You feel very sick.
* * * LOW HITPOINT WARNING * * *
You feel sick.
You see here a water moccasin corpse.
* * * LOW HITPOINT WARNING * * *
You feel sick.
* * * LOW HITPOINT WARNING * * *
You feel sick.
* * * LOW HITPOINT WARNING * * *
You feel sick.
* * * LOW HITPOINT WARNING * * *
You feel sick.
Blink to where?
Press: ? - help, Dir - move target
As you read the scroll of blinking, it crumbles to dust.
* * * LOW HITPOINT WARNING * * *
You feel sick.
As you read the scroll labelled INWAIV KAEGGYI, it crumbles to dust.
You feel strangely unstable.
It was a scroll of teleportation.
You die...

.# #.#.#.#####
.###.#.#.# .....#.#.#
.#####.#.# ..g......#
######.### #...g....#
######### #.####.#.#
#....§..# #.# #.#.#
#@#####.#
#.####.#.#######.### #.#
#.##...............###†#
#.##.....#######.......#
.........# ###.#####
#.###....# #.#
#........# #.#
######.### #.# #.#


There were no monsters in sight!

Vanquished Creatures
  A water moccasin (D:5)
  A black bear (D:4)
  A scorpion (D:4)
  A sleepcap (D:4)
  4 adders
  3 gnolls (D:5)
  A river rat (D:3)
  A dart slug (D:3)
  3 orcs (D:3)
  2 bats
  7 endoplasms
  8 giant cockroaches
  5 goblins
  6 hobgoblins
  6 jackals (D:3)
  8 kobolds
  6 quokkas
  9 ball pythons
  12 frilled lizards
  13 rats
98 creatures vanquished.

Notes
Turn   | Place    | Note
-------+----------+-------------------------------------------
     0 | D:1      | CrazyBamboolord the Kobold Artificer began the quest for
                  | the Orb.
     0 | D:1      | Reached XP level 1. HP: 12/12 MP: 1/1
     9 | D:1      | You fall into a shaft and drop 1 floor!
   411 | D:1      | Reached XP level 2. HP: 16/16 MP: 2/2
   632 | D:1      | Reached skill level 1 in Short Blades
   853 | D:1      | Reached XP level 3. HP: 20/20 MP: 3/3
  1117 | D:2      | Found a faded altar of an unknown god.
  1130 | D:2      | Prayed at the altar of an unknown god.
  1130 | D:2      | Became a worshipper of Warmaster Okawaru
  1130 | D:2      | Reached * piety under Okawaru
  1424 | D:2      | Reached skill level 4 in Evocations
  1613 | D:3      | Reached XP level 4. HP: 21/26 MP: 4/4
  1669 | D:3      | Found a glowing drain.
  1696 | Sewer    | Entered a sewer
  1829 | Sewer    | Reached skill level 1 in Invocations
  2015 | Sewer    | Reached XP level 5. HP: 24/30 MP: 5/5
  2115 | Sewer    | Noticed a bullfrog
  2115 | Sewer    | Noticed a bullfrog
  2716 | D:3      | Found a runed translucent gate.
  2717 | D:3      | Found a runed translucent gate.
  2718 | D:3      | Found a runed translucent gate.
  2718 | D:3      | Noticed sanka's ghost (amateur OpSh)
  2857 | D:3      | Identified the +3 dagger of Insufficient Pleasure {protect,
                  | *Corrode Str+7}
  2857 | D:3      | Identified the +1 ring mail "Joib" {rC+ Slay+2}
  3029 | D:4      | Reached XP level 6. HP: 17/36 MP: 5/7
  3037 | D:4      | Reached ** piety under Okawaru
  3350 | D:4      | Noticed a black bear
  3362 | D:4      | Killed a black bear
  3646 | D:4      | Found an opulent altar of Gozag.
  3997 | D:5      | Entered Level 5 of the Dungeon
  4312 | D:5      | Noticed a water moccasin
  4323 | D:5      | Killed a water moccasin
  4324 | D:5      | Reached skill level 5 in Evocations
  4324 | D:5      | Reached XP level 7. HP: 13/41 MP: 8/8
  4330 | D:5      | HP: 2/41 [poisoned by a water moccasin]
  4332 | D:5      | Succumbed to a water moccasin's poison

Illustrated notes

Levels and vault maps discovered:
D:1:      scummos_arrival_forest, layout_loops_cross
D:2:      layout_basic, basic_ecumenical_altar
D:3:      layout_rooms, biasface_ghost_orc_armoury, portal_sewer_entry_b
D:4:      layout_loops_ring, grunt_gozag_breadcrumbs, kennysheep_boxes
D:5:      layout_loops_corners

Skill      XL: |  1  2  3  4  5  6 |
---------------+-------------------+-----
Short Blades   | 1 2 3 |  3.5
Stealth        | 2 3 4 |  4.2
Evocations     | 4 5 |  5.0
Dodging        | 3 4 |  4.2
Fighting       | 2 3 |  3.2
Invocations    | 1 2 |  2.5
Armour         | |  0.7

Action                     |  1- 3 |  4- 6 |  7- 9 || total
---------------------------+-------+-------+-------++-------
  Melee: Short sword       |    98 |   224 |       ||   322
         Punch             |       |     2 |       ||     2
  Evoke: Wand              |     1 |    18 |       ||    19
    Use: Scroll            |     1 |     3 |     2 ||     6
         Potion            |       |       |     2 ||     2
   Stab: Sleeping          |    21 |    18 |       ||    39
 Armour: Leather armour    |    33 |    99 |       ||   132
  Dodge: Dodged            |    69 |   180 |       ||   249

Table legend: (Time is in decaauts)
 A = Elapsed time spent in this place.
 B = Non-inter-level travel time spent in this place.
 C = Inter-level travel time spent in this place.
 D = Time resting spent in this place.
 E = Time spent auto-exploring this place.
 F = Levels seen in this place.
 G = Mean time per level.
                   A        B        C        D        E       F      G
               +--------+--------+--------+--------+--------+-----+--------+
         Total |   4363 |   4243 |    120 |    306 |   2927 |   6 |  727.2 |
       Dungeon |   3884 |   3764 |    120 |    188 |   2897 |   5 |  776.8 |
         Sewer |    478 |    478 |      0 |    118 |     30 |   1 |  478.0 |
               +--------+--------+--------+--------+--------+-----+--------+

Top non-repeatable levels by time:
     D:4: 1087 daAuts
     D:3: 992 daAuts
     D:2: 917 daAuts
     D:1: 634 daAuts
   Sewer: 478 daAuts
     D:5: 252 daAuts
